[Event "January 9 Late 2024"]
[Site "https://www.chess.com"]
[Date "2024.01.09"]
[Round "3"]
[White "Joel Paul Ganta"]
[Black "Oliveira, Tiago Batista"]
[Result "0-1"]
[Board "235"]
[TimeControl "180+1"]
[WhiteFideId "35066145"]
[BlackFideId "2108291"]
[WhiteElo "2336"]
[BlackElo "2021"]
[WhiteTeam "IND"]
[BlackTeam "BRA"]
[WhiteClock "0:01:11"]
[BlackClock "0:00:41"]

1. d4 Nf6 2. c4 g6 3. Nc3 d5 4. cxd5 Nxd5 5. e4 Nxc3 6. bxc3 Bg7 7. Bc4 c5 8. Ne2 O-O 9. Be3 Nc6 10. O-O Bg4 11. f3 cxd4 12. cxd4 Na5 13. Bxf7+ Rxf7 14. fxg4 Rxf1+ 15. Qxf1 e5 16. d5 Nc4 17. Bf2 Nd2 18. Qd1 Nxe4 19. Qb3 Nxf2 20. Kxf2 Qf6+ 21. Kg1 Rf8 22. Ng3 Qf2+ 23. Kh1 e4 24. Rb1 e3 25. d6+ Kh8 26. d7 e2 27. Nxe2 Qxe2 28. h3 Rf1+ 29. Rxf1 Qxf1+ 30. Kh2 Be5+ 31. g3 Qf2+ 32. Kh1 Qe1+ 33. Kg2 Qe2+ 34. Kg1 Bd4+ 35. Kh1 Qf1+ 36. Kh2 Qg1# 0-1

[Event "January 9 Late 2024"]
[Site "https://www.chess.com"]
[Date "2024.01.09"]
[Round "3"]
[White "Bongo Akanga Ndjila, Barthelemy"]
[Black "Laskakis, Konstantinos"]
[Result "0-1"]
[Board "236"]
[TimeControl "180+1"]
[WhiteFideId "10609431"]
[BlackFideId "42134374"]
[WhiteElo "2020"]
[BlackElo "2336"]
[WhiteTeam "GAB"]
[BlackTeam "GRE"]
[WhiteClock "0:00:14"]
[BlackClock "0:00:24"]

1. d4 d5 2. c4 e6 3. Nc3 c6 4. Nf3 dxc4 5. g3 Nd7 6. e3 b5 7. Bg2 Bb7 8. Nd2 a6 9. a4 Qb6 10. O-O Ngf6 11. b3 Bb4 12. Bb2 cxb3 13. Qxb3 a5 14. Nce4 Nxe4 15. Nxe4 O-O 16. Rfc1 Rac8 17. Ba3 Bxa3 18. Rxa3 b4 19. Raa1 c5 20. dxc5 Nxc5 21. Nxc5 Bxg2 22. Kxg2 Rxc5 23. Qd3 Qc6+ 0-1

[Event "January 9 Late 2024"]
[Site "https://www.chess.com"]
[Date "2024.01.09"]
[Round "3"]
[White "Winkels, Marcel"]
[Black "Melamed, Daniel"]
[Result "0-1"]
[Board "237"]
[TimeControl "180+1"]
[WhiteFideId "1003887"]
[BlackFideId "3229076"]
[WhiteElo "2001"]
[BlackElo "2336"]
[WhiteTeam "NED"]
[BlackTeam "AUS"]
[WhiteClock "0:00:00"]
[BlackClock "0:00:44"]

1. e4 c5 2. a3 g6 3. Nf3 Bg7 4. Bc4 Nc6 5. O-O d6 6. Nc3 Nf6 7. d3 Bg4 8. h3 Bxf3 9. Qxf3 Ne5 10. Qe2 Nxc4 11. dxc4 Nd7 12. f4 O-O 13. Nd5 e6 14. Nc3 Bd4+ 15. Be3 Bxc3 16. bxc3 Qa5 17. Bd2 Qa4 18. Be3 Nb6 19. f5 exf5 20. exf5 Qxc4 21. Qf2 f6 22. Rad1 Rad8 23. Bh6 Rf7 24. Rfe1 Qxc3 25. Rd3 Qc4 26. Rde3 Qa4 27. Kh1 Nc4 28. Re7 Ne5 29. Rxf7 Kxf7 30. fxg6+ hxg6 31. Bg5 f5 0-1

[Event "January 9 Late 2024"]
[Site "https://www.chess.com"]
[Date "2024.01.09"]
[Round "3"]
[White "Nicula, Marius"]
[Black "Zhukov, Maksim"]
[Result "1-0"]
[Board "238"]
[TimeControl "180+1"]
[WhiteFideId "1203096"]
[BlackFideId "34181790"]
[WhiteElo "2000"]
[BlackElo "2305"]
[WhiteTeam "CAN"]
[BlackTeam "RUS"]
[WhiteClock "0:00:12"]
[BlackClock "0:00:35"]

1. e4 c5 2. Nf3 e6 3. d4 cxd4 4. Nxd4 a6 5. Bd3 b5 6. O-O Bb7 7. Qe2 Bc5 8. Nb3 Bb6 9. Be3 d6 10. a4 Bxe3 11. Qxe3 b4 12. a5 Nf6 13. N1d2 O-O 14. Nc4 Nc6 15. f4 d5 16. Nb6 dxe4 17. Nxa8 exd3 18. Nb6 dxc2 19. Rac1 Nd5 20. Nxd5 Qxd5 21. Rxc2 Nxa5 22. Nxa5 Qxa5 23. Qc5 Qxc5+ 24. Rxc5 Rd8 25. Rc7 Be4 26. Rfc1 g6 27. Rc8 Rxc8 28. Rxc8+ Kg7 29. Rc4 Bd3 30. Rxb4 Kf6 31. Kf2 h5 32. Ke3 Bb5 33. Rd4 e5 34. fxe5+ Kxe5 35. Rd8 f5 36. g3 g5 37. Rh8 h4 38. gxh4 f4+ 39. Kf2 g4 40. Rg8 Bd7 41. h5 Be6 42. Rg7 Kf6 43. h6 Bf5 44. Ra7 a5 45. h7 Bxh7 46. Rxh7 Ke5 47. Ra7 Kd4 48. Rxa5 Kd3 49. Ra4 g3+ 50. hxg3 fxg3+ 51. Kxg3 Kc2 52. Rb4 Kd3 53. Kf4 Kc2 54. Ke3 Kb1 55. b3 Ka2 56. Rh4 Ka3 57. Kd3 Kb2 58. b4 Ka3 59. b5 Kb3 60. b6 Ka2 61. b7 Kb2 62. b8=Q+ Kc1 63. Rh1# 1-0

[Event "January 9 Late 2024"]
[Site "https://www.chess.com"]
[Date "2024.01.09"]
[Round "3"]
[White "Szente Varga, Fruzsina"]
[Black "Smirnov, Timofey"]
[Result "1-0"]
[Board "239"]
[TimeControl "180+1"]
[WhiteFideId "712264"]
[BlackFideId "24176427"]
[WhiteElo "2302"]
[BlackElo "1990"]
[WhiteTeam "HUN"]
[BlackTeam "RUS"]
[WhiteClock "0:01:30"]
[BlackClock "0:00:38"]

1. e4 e5 2. d4 exd4 3. Qxd4 Nc6 4. Qe3 g6 5. Nc3 Bg7 6. Bd2 Nge7 7. h4 d6 8. h5 Be6 9. O-O-O Qd7 10. h6 Bxc3 11. Bxc3 Rg8 12. Bb5 a6 13. Ba4 b5 14. Bb3 Bxb3 15. cxb3 Qe6 16. Kb1 Ne5 17. f4 N5c6 18. Nf3 O-O-O 19. Ng5 Qg4 20. Nxh7 Qe6 21. Ng5 1-0

[Event "January 9 Late 2024"]
[Site "https://www.chess.com"]
[Date "2024.01.09"]
[Round "4"]
[White "Nakamura, Hikaru"]
[Black "Anton Guijarro, David"]
[Result "1-0"]
[Board "1"]
[TimeControl "180+1"]
[WhiteFideId "2016192"]
[BlackFideId "2285525"]
[WhiteElo "3207"]
[BlackElo "2977"]
[WhiteTeam "USA"]
[BlackTeam "ESP"]
[WhiteClock "0:00:08"]
[BlackClock "0:00:04"]

1. g3 d5 2. Nf3 e6 3. Bg2 b5 4. O-O Nf6 5. d3 Be7 6. Nbd2 O-O 7. e4 h6 8. e5 Nfd7 9. Re1 c5 10. Nf1 a5 11. h4 a4 12. a3 Re8 13. c3 Nc6 14. N1h2 Nf8 15. Ng4 Nh7 16. Bf4 Bb7 17. d4 Na5 18. Bf1 Nc4 19. Bd3 Nf8 20. Qe2 cxd4 21. Nxd4 f5 22. exf6 Bxf6 23. Be5 Bxe5 24. Nxe5 Nd7 25. Bxc4 dxc4 26. Rad1 Nxe5 27. Qxe5 Qb6 28. Qxb5 Qc7 29. Rxe6 Qf7 30. Qe5 Rf8 31. f4 Kh8 32. Re7 Qg6 33. Kh2 Rae8 34. Re1 Rxe7 35. Qxe7 Rf7 36. Qd8+ Kh7 37. Re8 Qb1 38. Rh8+ Kg6 39. h5+ Kxh5 40. Qh4+ Kg6 41. Qg4+ Kf6 42. Qe6# 1-0

[Event "January 9 Late 2024"]
[Site "https://www.chess.com"]
[Date "2024.01.09"]
[Round "4"]
[White "Kollars, Dmitrij"]
[Black "Dubov, Daniil"]
[Result "0-1"]
[Board "2"]
[TimeControl "180+1"]
[WhiteFideId "12909572"]
[BlackFideId "24126055"]
[WhiteElo "2969"]
[BlackElo "3120"]
[WhiteTeam "GER"]
[BlackTeam "RUS"]
[WhiteClock "0:00:03"]
[BlackClock "0:00:12"]

1. e4 c5 2. Nf3 e6 3. d4 cxd4 4. Nxd4 a6 5. c4 Qc7 6. Nc3 Nf6 7. Be2 b6 8. O-O Bb7 9. Qd3 Nc6 10. Nxc6 Bxc6 11. Be3 Bc5 12. Rac1 O-O 13. a3 a5 14. Rfd1 Rfd8 15. Bd4 Rac8 16. e5 Ne8 17. Bxc5 bxc5 18. Nb5 Qxe5 19. Qd2 Ra8 20. b3 a4 21. b4 cxb4 22. axb4 a3 23. Nd4 Bb7 24. Bf3 Bxf3 25. Nxf3 Qc7 26. c5 Nf6 27. b5 a2 28. Qb2 Rdc8 29. b6 Qb7 30. Nd4 h6 31. h3 Nd5 32. Nb5 a1=Q 33. Rxa1 Rxa1 34. Rxa1 Rxc5 35. Nd6 Qxb6 36. Ra8+ Kh7 37. Qxb6 Nxb6 38. Rb8 Nc4 39. Nxf7 Kg6 40. Rf8 Rf5 41. Nh8+ Kh7 42. Rxf5 exf5 43. Nf7 Kg6 44. Nd8 Na5 0-1

[Event "January 9 Late 2024"]
[Site "https://www.chess.com"]
[Date "2024.01.09"]
[Round "4"]
[White "Nepomniachtchi, Ian"]
[Black "Sjugirov, Sanan"]
[Result "1-0"]
[Board "3"]
[TimeControl "180+1"]
[WhiteFideId "4168119"]
[BlackFideId "4189302"]
[WhiteElo "3119"]
[BlackElo "2961"]
[WhiteTeam "RUS"]
[BlackTeam "HUN"]
[WhiteClock "0:02:02"]
[BlackClock "0:00:11"]

1. e4 e5 2. f4 exf4 3. Nf3 d6 4. Bc4 h6 5. h4 Nf6 6. Nc3 c6 7. d3 d5 8. exd5 cxd5 9. Bb5+ Bd7 10. Bxd7+ Qxd7 11. Bxf4 Nc6 12. Qe2+ Be7 13. O-O-O O-O 14. Kb1 Rfe8 15. Qf2 d4 16. Ne4 Nxe4 17. dxe4 Bc5 18. Qg3 Rxe4 19. Bxh6 Rg4 20. Qh3 gxh6 21. Nh2 h5 22. Rhe1 Qf5 23. Nxg4 Qxg4 24. Qb3 Rb8 25. a3 Bf8 26. Rd3 Bg7 27. Rf3 Ne5 28. Rxe5 Bxe5 29. Qxf7+ Kh8 30. Rf5 1-0

[Event "January 9 Late 2024"]
[Site "https://www.chess.com"]
[Date "2024.01.09"]
[Round "4"]
[White "Nguyen, Ngoc Truong Son"]
[Black "Bortnyk, Olexandr"]
[Result "0-1"]
[Board "4"]
[TimeControl "180+1"]
[WhiteFideId "12401110"]
[BlackFideId "14120828"]
[WhiteElo "2954"]
[BlackElo "3114"]
[WhiteTeam "VIE"]
[BlackTeam "UKR"]
[WhiteClock "0:00:01"]
[BlackClock "0:00:05"]

1. d4 Nf6 2. c4 b6 3. Nc3 Bb7 4. a3 d5 5. Bg5 e6 6. e3 Nbd7 7. cxd5 exd5 8. Bd3 Bd6 9. Nge2 h6 10. Bf4 Bxf4 11. Nxf4 O-O 12. g4 Ne4 13. Bxe4 dxe4 14. h4 c5 15. g5 hxg5 16. hxg5 Qxg5 17. Qa4 Rfd8 18. O-O-O cxd4 19. Rh5 Qxh5 20. Nxh5 Nc5 21. Qc4 Ba6 22. Nb5 Rac8 23. Kb1 Nd3 24. Qa4 Bxb5 25. Qxb5 Rc5 26. Nf6+ gxf6 27. Qa4 Rcd5 28. Qxa7 Nxf2 29. Rg1+ Kf8 30. Qxb6 R5d6 31. Qc5 Nd3 32. Qh5 Ke7 33. exd4 Rxd4 34. Qe2 Ne5 35. Rc1 R8d7 36. Rc2 Nd3 37. Ka2 f5 38. Qg2 R4d5 39. Qg5+ f6 40. Qg7+ Ke6 41. Qg8+ Ke5 42. Qb8+ R5d6 43. Qb5+ Ke6 44. Qc4+ Ke7 45. b4 Ra7 46. Rc3 Rb6 47. Kb3 Rba6 48. Ka2 Rb6 49. Qd4 Nxb4+ 50. Kb3 Nd5+ 51. Kc2 Rd7 52. Rc5 Nb4+ 53. Qxb4 Rxb4 54. axb4 Ke6 55. b5 Rd5 56. Rc6+ Ke5 57. b6 Rb5 58. Kc3 e3 59. Kd3 f4 60. Ke2 Rb2+ 61. Kf3 Rf2+ 62. Kg4 f5+ 63. Kg5 Rg2+ 64. Kh4 Rb2 0-1

[Event "January 9 Late 2024"]
[Site "https://www.chess.com"]
[Date "2024.01.09"]
[Round "4"]
[White "Aronian, Levon"]
[Black "Daneshvar, Bardiya"]
[Result "1-0"]
[Board "5"]
[TimeControl "180+1"]
[WhiteFideId "13300474"]
[BlackFideId "12576468"]
[WhiteElo "3107"]
[BlackElo "2943"]
[WhiteTeam "USA"]
[BlackTeam "IRI"]
[WhiteClock "0:01:13"]
[BlackClock "0:00:56"]

1. e4 c5 2. Nf3 g6 3. c4 Nc6 4. d4 cxd4 5. Nxd4 Bg7 6. Nc2 d6 7. Be2 Be6 8. O-O Rc8 9. Nd2 Nf6 10. b3 O-O 11. Bb2 a5 12. Ne3 a4 13. Qc1 b5 14. cxb5 Nd4 15. Qd1 Nxe2+ 16. Qxe2 axb3 17. axb3 Qb6 18. Ra6 Qb7 19. Rfa1 Ra8 20. f3 Nd7 21. Bxg7 Kxg7 22. Ndc4 Rxa6 23. Qb2+ f6 24. bxa6 Qa7 25. Qf2 Ra8 26. Nd5 Qb8 27. Ncb6 Nxb6 28. Qxb6 Qc8 29. Qc7 1-0

[Event "January 9 Late 2024"]
[Site "https://www.chess.com"]
[Date "2024.01.09"]
[Round "4"]
[White "Matlakov, Maxim"]
[Black "Andreikin, Dmitry"]
[Result "0-1"]
[Board "6"]
[TimeControl "180+1"]
[WhiteFideId "4168003"]
[BlackFideId "4158814"]
[WhiteElo "2933"]
[BlackElo "3097"]
[WhiteTeam "RUS"]
[BlackTeam "FID"]
[WhiteClock "0:00:01"]
[BlackClock "0:00:06"]

1. d4 g6 2. e4 Bg7 3. Nf3 d6 4. Bc4 Nf6 5. Qe2 c6 6. e5 Nd5 7. h3 O-O 8. O-O b5 9. Bb3 a5 10. a4 bxa4 11. Bc4 Nd7 12. c3 dxe5 13. dxe5 Nc5 14. Rd1 Qb6 15. Nd4 Ba6 16. Nd2 Bxc4 17. Nxc4 Qa6 18. Kf1 Rfd8 19. Re1 Rab8 20. Nd2 Nd3 21. g3 Ra8 22. N2f3 Nxe1 23. Qxa6 Rxa6 24. Kxe1 c5 25. Nb5 Rb8 26. Na3 Nb6 27. Ke2 e6 28. Be3 Bf8 29. Nd2 Be7 30. Nac4 Nd5 31. Kd3 Rd8 32. Kc2 Nxe3+ 33. Nxe3 Bg5 34. f4 Be7 35. Rxa4 Kf8 36. Nec4 h5 37. h4 Ke8 38. Ne4 Rda8 39. Ncd2 Kd7 40. Nc4 Kc6 41. Kd3 Kb5 42. b3 Rd8+ 43. Kc2 Rd5 44. Na3+ Kc6 45. Nc4 Rd8 46. Ne3 Rda8 47. Nc4 R8a7 48. Ne3 Kb5 49. Nc4 Rd7 50. Ne3 Kc6 51. Nc4 Bd8 52. Ne3 Bc7 53. Nc4 Ra8 54. Ng5 Rad8 55. Ne4 Rd1 56. Ncd6 Re1 57. Nxf7 Re2+ 58. Kc1 Rd3 59. Nfg5 Rde3 60. Kd1 Rb2 61. Kc1 Rh2 62. Kd1 Ree2 63. Rc4 Ra2 64. Kc1 Ra1# 0-1

[Event "January 9 Late 2024"]
[Site "https://www.chess.com"]
[Date "2024.01.09"]
[Round "4"]
[White "Indjic, Aleksandar"]
[Black "Tabatabaei, M. Amin"]
[Result "0-1"]
[Board "7"]
[TimeControl "180+1"]
[WhiteFideId "911925"]
[BlackFideId "12521213"]
[WhiteElo "2932"]
[BlackElo "3092"]
[WhiteTeam "SRB"]
[BlackTeam "IRI"]
[WhiteClock "0:01:13"]
[BlackClock "0:00:50"]

1. d4 Nf6 2. c4 e6 3. Nc3 d5 4. Nf3 Nbd7 5. cxd5 exd5 6. Bf4 Bb4 7. e3 Ne4 8. Qc2 g5 9. Bg3 h5 10. h4 g4 11. Ng1 Nxg3 12. fxg3 Qe7 13. Kd2 Nf6 14. Bd3 Be6 15. a3 Bd6 16. Nge2 a6 17. Rae1 O-O-O 18. Rhf1 Kb8 19. Nf4 c5 20. Bf5 Rhe8 21. Bd3 Rc8 22. Qb1 Ka8 23. Rf2 Qd8 24. b4 cxd4 25. exd4 Nd7 26. Na4 Nb6 27. Nc5 Nc4+ 28. Bxc4 Bxc5 29. Kc3 Bb6 0-1

[Event "January 9 Late 2024"]
[Site "https://www.chess.com"]
[Date "2024.01.09"]
[Round "4"]
[White "Bok, Benjamin"]
[Black "Makarian, Rudik"]
[Result "1-0"]
[Board "8"]
[TimeControl "180+1"]
[WhiteFideId "1017063"]
[BlackFideId "44105681"]
[WhiteElo "2932"]
[BlackElo "3089"]
[WhiteTeam "NED"]
[BlackTeam "FID"]
[WhiteClock "0:00:07"]
[BlackClock "0:00:03"]

1. d4 Nf6 2. c4 e6 3. Nc3 d5 4. cxd5 exd5 5. Bg5 c6 6. e3 Bf5 7. Qf3 Bg6 8. Bxf6 Qxf6 9. Qxf6 gxf6 10. h4 h5 11. Kd2 Nd7 12. Nh3 Bd6 13. g3 a5 14. Bd3 Nb6 15. b3 Ke7 16. Ne2 a4 17. Nhf4 Rhg8 18. Rhg1 Bb4+ 19. Kc2 a3 20. Bxg6 fxg6 21. g4 Kf7 22. gxh5 gxh5 23. Nxh5 c5 24. Rxg8 Rxg8 25. Rg1 Rxg1 26. Nxg1 cxd4 27. exd4 Bd6 28. Ne2 Kg6 29. Nhg3 Bb8 30. Nc3 Bd6 31. Kd3 Bb4 32. Nce2 Bd6 33. Ke3 Kf7 34. h5 Nd7 35. Nc3 Ke6 36. Nge2 Kf5 37. Nxd5 Kg5 38. Ndf4 Nb8 39. Nd3 Kxh5 40. Ke4 Kg6 41. Kd5 Bf8 42. Ke6 Na6 43. Kd7 Kf5 44. f3 b5 45. d5 Nc5+ 46. Nxc5 Bxc5 47. Kc6 Bf8 48. d6 Ke6 49. d7 Be7 50. Nd4+ Ke5 51. Nxb5 Kf4 52. Nd4 Ke3 53. Nf5+ 1-0

[Event "January 9 Late 2024"]
[Site "https://www.chess.com"]
[Date "2024.01.09"]
[Round "4"]
[White "Bluebaum, Matthias"]
[Black "Alekseenko, Kirill"]
[Result "1/2-1/2"]
[Board "9"]
[TimeControl "180+1"]
[WhiteFideId "24651516"]
[BlackFideId "4135539"]
[WhiteElo "3081"]
[BlackElo "2929"]
[WhiteTeam "GER"]
[BlackTeam "AUT"]
[WhiteClock "0:00:08"]
[BlackClock "0:00:07"]

1. d4 d5 2. c4 dxc4 3. e4 Nf6 4. e5 Nd5 5. Bxc4 Nb6 6. Bd3 Nc6 7. Be3 Be6 8. Nc3 Qd7 9. Nge2 Nb4 10. Be4 Bf5 11. O-O Bxe4 12. Nxe4 e6 13. Qb3 Qd5 14. Qxd5 N6xd5 15. Bd2 Nc6 16. Rfc1 h6 17. N4c3 O-O-O 18. Nxd5 Rxd5 19. Be3 Be7 20. Nc3 Rd7 21. Ne2 Nb4 22. a3 Nd5 23. Rc2 b6 24. Rac1 Kb7 25. Nc3 Nxc3 26. Rxc3 Rc8 27. Kf1 c6 28. Ke2 Rd5 29. R1c2 a5 30. Kf3 b5 31. Ke4 Bd8 32. f4 Bb6 33. g4 a4 34. Rc1 g6 35. h3 Rd7 36. R3c2 Rdc7 37. Rc3 Rh8 38. f5 h5 39. fxe6 fxe6 40. Rf1 hxg4 41. hxg4 Rh4 42. Rf6 Rxg4+ 43. Kf3 Rxd4 44. Bxd4 Bxd4 45. Rc2 Bxe5 46. Rxe6 Bd4 47. Rxg6 Kb6 48. Ke4 Bh8 49. Rh6 Bg7 50. Rg6 Bh8 51. Rh6 Bg7 52. Rh7 Re7+ 53. Kf5 Rc7 54. Kg6 Bd4 55. Rxc7 Kxc7 56. Kf5 Kb6 57. Ke6 b4 58. axb4 Kb5 59. Kd6 Kxb4 60. Rxc6 Bxb2 61. Ra6 a3 62. Rxa3 Kxa3 1/2-1/2

[Event "January 9 Late 2024"]
[Site "https://www.chess.com"]
[Date "2024.01.09"]
[Round "4"]
[White "Ibarra Jerez, Jose Carlos"]
[Black "Oparin, Grigoriy"]
[Result "0-1"]
[Board "10"]
[TimeControl "180+1"]
[WhiteFideId "2226332"]
[BlackFideId "24125890"]
[WhiteElo "2928"]
[BlackElo "3064"]
[WhiteTeam "ESP"]
[BlackTeam "USA"]
[WhiteClock "0:00:00"]
[BlackClock "0:00:06"]

1. e4 c6 2. Nf3 d5 3. d3 Qc7 4. exd5 cxd5 5. c4 Nf6 6. Nc3 e6 7. a3 a6 8. g3 dxc4 9. dxc4 Bd6 10. Qe2 O-O 11. Bg2 Nc6 12. b4 e5 13. c5 Be7 14. O-O Bg4 15. Qc4 Be6 16. Qe2 Nd5 17. Bb2 Nxc3 18. Bxc3 f6 19. Rfd1 Rfd8 20. Nh4 Rxd1+ 21. Rxd1 Rd8 22. Be4 g6 23. Nf3 Kf7 24. Kg2 Bb3 25. Rb1 Be6 26. Rd1 Qc8 27. h4 Rxd1 28. Qxd1 f5 29. Bxc6 Qxc6 30. Kh2 Qe4 31. Nxe5+ Ke8 32. Qd2 f4 33. Qxf4 Qxf4 34. gxf4 Bxh4 35. Kg2 Bd5+ 36. f3 Be7 37. Ng4 Kf7 38. Ne3 Be6 39. Be5 Ke8 40. Kg3 Kd7 41. f5 Bxf5 42. Nxf5 gxf5 43. Kf4 Ke6 44. Bb2 h6 45. Ke3 Bg5+ 46. f4 Bh4 47. Be5 Kd5 48. Kd3 Be1 49. Bd6 h5 50. Ke2 Bc3 51. Kd3 Bb2 52. a4 h4 53. Ke2 Ba3 54. b5 axb5 55. axb5 Bxc5 56. Be5 Ke4 57. Kf1 Kf3 0-1

[Event "January 9 Late 2024"]
[Site "https://www.chess.com"]
[Date "2024.01.09"]
[Round "4"]
[White "Zhigalko, Sergei"]
[Black "Grischuk, Alexander"]
[Result "1/2-1/2"]
[Board "11"]
[TimeControl "180+1"]
[WhiteFideId "13502956"]
[BlackFideId "4126025"]
[WhiteElo "2923"]
[BlackElo "3060"]
[WhiteTeam "BLR"]
[BlackTeam "RUS"]
[WhiteClock "0:00:12"]
[BlackClock "0:00:03"]

1. e4 e5 2. Nf3 Nc6 3. Bc4 Nf6 4. d3 Bc5 5. O-O d6 6. c3 a6 7. Bb3 Ba7 8. Nbd2 O-O 9. h3 h6 10. Re1 Re8 11. Nf1 Be6 12. Be3 Bxe3 13. Nxe3 Bxb3 14. Qxb3 Qd7 15. Rad1 Rab8 16. Nh4 Ne7 17. Qc2 Qe6 18. a3 Rbd8 19. Nf3 Ng6 20. Kh2 Nf4 21. Ng1 d5 22. g3 Ng6 23. Nf3 c6 24. b4 Rd7 25. c4 Red8 26. cxd5 cxd5 27. exd5 Nxd5 28. Nc4 Rc8 29. Qb2 Ndf4 30. gxf4 Nxf4 31. Ng1 Rxd3 32. Ne3 e4 33. Qb1 f5 34. Rxd3 Nxd3 35. Re2 f4 36. Nf1 Qd6 37. Rxe4 f3+ 38. Ng3 Nxf2 39. Qb3+ Kh8 40. Qxf3 Nxe4 41. Qxe4 Rc3 42. Ne2 Rxa3 43. Qxb7 Qe5 44. Qc8+ Kh7 45. Qc2+ Kh8 46. b5 axb5 47. Qc8+ Kh7 48. Qc2+ Kh8 49. Qc8+ Kh7 50. Qc2+ Kh8 1/2-1/2

[Event "January 9 Late 2024"]
[Site "https://www.chess.com"]
[Date "2024.01.09"]
[Round "4"]
[White "Sarana, Alexey"]
[Black "Liascovich, Lucas"]
[Result "0-1"]
[Board "12"]
[TimeControl "180+1"]
[WhiteFideId "24133795"]
[BlackFideId "108634"]
[WhiteElo "3054"]
[BlackElo "2918"]
[WhiteTeam "SRB"]
[BlackTeam "ARG"]
[WhiteClock "0:00:03"]
[BlackClock "0:00:14"]

1. d4 Nf6 2. c4 e5 3. dxe5 Ng4 4. Nf3 Nc6 5. e3 Ngxe5 6. Nxe5 Nxe5 7. Be2 Bb4+ 8. Bd2 Qe7 9. O-O O-O 10. Nc3 Bxc3 11. Bxc3 d6 12. Qd4 f6 13. Rad1 Be6 14. Qe4 b6 15. f4 Nd7 16. b4 Rfe8 17. Rfe1 Bf7 18. Qxe7 Rxe7 19. Kf2 Rae8 20. Bd3 Bg6 21. Bf1 Bf7 22. g4 h5 23. h3 hxg4 24. hxg4 Bg6 25. Bg2 Be4 26. Bf1 Nf8 27. c5 dxc5 28. bxc5 Bg6 29. c6 Bf7 30. Bg2 a5 31. a3 Bb3 32. Rb1 Bc4 33. Rbc1 Bb3 34. Rb1 Bc4 35. Rbc1 Bb3 36. e4 Ne6 37. Kg3 Nc5 38. Rb1 Bc2 39. e5 Bxb1 40. Bd5+ Kf8 41. Rh1 Ne4+ 42. Kf3 Re6 43. Bxe6 Nxc3 44. Bd7 Rd8 45. exf6 gxf6 46. f5 Ke7 47. Rh7+ Kd6 48. Rf7 Nd5 49. Rg7 Bc2 50. Kg3 Bd1 51. Kf2 Bb3 52. Kg3 b5 53. Be6 b4 54. axb4 axb4 55. Rd7+ Rxd7 56. cxd7 Ke7 57. g5 fxg5 58. Kf3 c6 59. f6+ Nxf6 60. Bxb3 Kxd7 61. Ke3 Kd6 62. Kd4 c5+ 63. Kc4 Nd7 64. Bd1 Ne5+ 65. Kb5 Kd5 0-1

[Event "January 9 Late 2024"]
[Site "https://www.chess.com"]
[Date "2024.01.09"]
[Round "4"]
[White "Hess, Robert"]
[Black "Pranav, V"]
[Result "1/2-1/2"]
[Board "13"]
[TimeControl "180+1"]
[WhiteFideId "2022036"]
[BlackFideId "25060783"]
[WhiteElo "2906"]
[BlackElo "3042"]
[WhiteTeam "USA"]
[BlackTeam "IND"]
[WhiteClock "0:00:05"]
[BlackClock "0:00:05"]

1. e4 e5 2. Nc3 Nf6 3. Bc4 Nc6 4. d3 Bc5 5. f4 d5 6. Nxd5 Be6 7. Nxf6+ Qxf6 8. Bxe6 Qxe6 9. f5 Qd6 10. Nf3 O-O-O 11. Qe2 g6 12. fxg6 hxg6 13. a3 f5 14. Bg5 Rd7 15. Be3 Bxe3 16. Qxe3 f4 17. Qf2 Qe6 18. Rg1 b6 19. g3 Kb7 20. gxf4 Rf8 21. Ng5 Qe7 22. f5 Nd4 23. O-O-O Rd6 24. Kb1 gxf5 25. exf5 Nxf5 26. Rdf1 Rc6 27. Qf3 Rf6 28. Ne4 Rf8 29. Rg6 Nd4 30. Qxf8 Qxf8 31. Rxf8 Rxg6 32. c3 Rg1+ 33. Ka2 Ne2 34. Kb3 Nf4 35. d4 Re1 36. Nf2 Ne6 37. Rg8 exd4 38. cxd4 Nxd4+ 39. Kc3 Nf5 40. Nd3 Re3 41. Rh8 Nd6 42. Kd2 Nc4+ 43. Kc2 a5 44. Rh4 Nd6 45. Rh7 a4 46. h4 Ne4 47. Nf4 Rf3 48. Nd5 Kc6 49. Nb4+ Kd6 50. Rh6+ Kd7 51. Rh7+ Kd6 52. Rh6+ Ke7 53. Nd5+ Kd7 54. Rh7+ Kc6 55. Nxc7 Rf2+ 56. Kd3 Nc5+ 57. Kc3 Ne4+ 58. Kd4 Nf6 59. Rf7 Rxb2 60. Rxf6+ Kxc7 61. Rf3 Rh2 62. Rf4 Rh3 63. Kc4 Rxa3 64. Kb5 Rh3 65. Rxa4 Kd6 66. Kxb6 Ke6 67. Rb4 Kf6 68. Ka5 Kg6 69. Kb5 Kh5 70. Ka5 Rxh4 71. Rxh4+ Kxh4 1/2-1/2

[Event "January 9 Late 2024"]
[Site "https://www.chess.com"]
[Date "2024.01.09"]
[Round "4"]
[White "Theodorou, Nikolas"]
[Black "Melkumyan, Hrant"]
[Result "1-0"]
[Board "14"]
[TimeControl "180+1"]
[WhiteFideId "4262875"]
[BlackFideId "13302485"]
[WhiteElo "3031"]
[BlackElo "2898"]
[WhiteTeam "GRE"]
[BlackTeam "ARM"]
[WhiteClock "0:00:53"]
[BlackClock "0:00:00"]

1. Nf3 d5 2. b3 c5 3. Bb2 Nc6 4. e3 a6 5. d4 Nf6 6. Be2 Bg4 7. Nbd2 e6 8. O-O cxd4 9. Nxd4 Bxe2 10. Qxe2 Rc8 11. c4 Nxd4 12. Bxd4 Be7 13. Rfd1 O-O 14. h3 Qa5 15. cxd5 Qxd5 16. Nc4 Qh5 17. Qxh5 Nxh5 18. Nb6 Rc6 19. Rac1 Rxc1 20. Rxc1 Bd6 21. g4 Nf6 22. Bxf6 gxf6 23. Nd7 Rd8 24. Nxf6+ Kg7 25. Ne4 Be5 26. Kg2 Kg6 27. Rc5 Bb8 28. Rg5+ Kh6 29. h4 f5 30. Nf6 1-0

[Event "January 9 Late 2024"]
[Site "https://www.chess.com"]
[Date "2024.01.09"]
[Round "4"]
[White "Christiansen, Johan-Sebastian"]
[Black "Paravyan, David"]
[Result "1-0"]
[Board "15"]
[TimeControl "180+1"]
[WhiteFideId "1512668"]
[BlackFideId "4194985"]
[WhiteElo "2897"]
[BlackElo "3027"]
[WhiteTeam "NOR"]
[BlackTeam "FID"]
[WhiteClock "0:00:12"]
[BlackClock "0:00:00"]

1. e4 e5 2. Nf3 Nf6 3. Nxe5 d6 4. Nf3 Nxe4 5. Bd3 d5 6. Qe2 Be7 7. Bxe4 dxe4 8. Qxe4 O-O 9. O-O Re8 10. d4 Bf6 11. Qd3 c5 12. d5 Na6 13. a3 c4 14. Qxc4 Bf5 15. Nc3 Bxc2 16. Be3 Rc8 17. Qb5 Nc7 18. Qxb7 Bxc3 19. bxc3 Qxd5 20. Qxa7 Nb5 21. Qa5 Be4 22. Rfd1 Qc6 23. c4 Bxf3 24. cxb5 Qg6 25. g3 Qg4 26. Qe1 Bxd1 27. Qxd1 Qe4 28. a4 Red8 29. Qb1 Qf3 30. b6 h5 31. h4 f6 32. a5 g5 33. Qg6+ Kh8 34. hxg5 h4 35. gxf6 Rd7 36. f7 Re7 37. Bd4+ 1-0

[Event "January 9 Late 2024"]
[Site "https://www.chess.com"]
[Date "2024.01.09"]
[Round "4"]
[White "Van Foreest, Jorden"]
[Black "Remizov, Yaroslav"]
[Result "1-0"]
[Board "16"]
[TimeControl "180+1"]
[WhiteFideId "1039784"]
[BlackFideId "34134015"]
[WhiteElo "3026"]
[BlackElo "2852"]
[WhiteTeam "NED"]
[BlackTeam "RUS"]
[WhiteClock "0:01:37"]
[BlackClock "0:00:00"]

1. e4 c5 2. Nf3 d6 3. Nc3 Nf6 4. Be2 g6 5. d4 cxd4 6. Nxd4 Bg7 7. Be3 O-O 8. Qd2 Nc6 9. O-O-O Bd7 10. h4 Nxd4 11. Bxd4 Qb8 12. h5 b5 13. h6 Bh8 14. Nd5 Nxd5 15. Bxh8 Kxh8 16. exd5 Qb6 17. Qd4+ Qxd4 18. Rxd4 Kg8 19. Re1 f6 20. Bd3 Kf7 21. f4 Rac8 22. c3 Rc5 23. Kd2 Bf5 24. b4 Rc7 25. Bxb5 Rb8 26. Rc4 Rcb7 27. Ba6 Rb6 28. Rc6 Bd7 29. Rxb6 axb6 30. Bd3 Ra8 31. Ra1 Ke8 32. a4 Kf7 33. a5 bxa5 34. bxa5 e6 35. dxe6+ Bxe6 36. a6 Bd5 37. g4 Be6 38. g5 Bd5 39. Rb1 Ke6 40. Ke3 fxg5 41. fxg5 Ke5 42. Rb5 Ke6 43. Rxd5 1-0